 Dungeon Crawl Stone Soup version 0.26-a0-1012-gedcf9b2963 (webtiles) character file.

Game seed: 6940535444909751184

60 ArelonLightweaver the Skirmisher (level 3, -2/29 HPs)
             Began as a Mummy Monk on Dec 7, 2020.
             Engulfed by a cloud of flame (31 damage)
             ... on level 2 of the Dungeon.
             The game lasted 00:15:47 (2122 turns).

ArelonLightweaver the Skirmisher (Mummy Monk)       Turns: 2122, Time: 00:15:47

Health: -2/29      AC:  4    Str: 14    XL:     3   Next: 82%
Magic:  3/3        EV: 13    Int:  9    God:
Gold:   56         SH:  0    Dex: 15    Spells: 2/2 levels left

rFire    x . .     SeeInvis .     - Unarmed
rCold    + . .     Faith    .   (no shield)
rNeg     + + +     Spirit   .   a - +0 robe
rPois    ∞         Reflect  .   l - +0 helmet
rElec    .         Harm     .   (no cloak)
rCorr    .         Rampage  .   (no gloves)
Will     .....                  m - +0 pair of boots
Stlth    ++........             (no amulet)
HPRegen  0.09/turn              (no ring)
MPRegen  0.08/turn              (no ring)

@: no status effects
A: no potions, fire vulnerability, cold resistance 1, negative energy resistance
3, torment resistance, unbreathing
a: no special abilities


You were on level 2 of the Dungeon.
You visited 1 branch of the dungeon, and saw 2 of its levels.

You collected 56 gold pieces.

Inventory:

Missiles
 f - 44 bolts
 i - 34 arrows
 j - 17 poisoned darts (quivered)
 k - 20 sling bullets
Armour
 a - a +0 robe (worn)
 l - a +0 helmet (worn)
 m - a +0 pair of boots (worn)
Scrolls
 b - 3 scrolls of teleportation {unknown}
 c - 2 scrolls of amnesia {unknown}
 d - 3 scrolls of identify {unknown}
 e - a scroll of enchant weapon {unknown}
 g - 3 scrolls of magic mapping {unknown}
Potions
 h - a potion of flight {unknown}


   Skills:
 + Level 3.2 Fighting
 * Level 3.1 Dodging
 - Level 1.5 Stealth
 * Level 3.2 Unarmed Combat


You had 2 spell levels left.
You didn't know any spells.
Your spell library was empty.

Dungeon Overview and Level Annotations

Branches:
Dungeon (2/15)

Altars:
Vehumet


Innate Abilities, Weirdness & Mutations

You do not drink.
Your flesh is vulnerable to fire.
You are immune to poison.
Your flesh is cold resistant. (rC+)
You are immune to negative energy. (rN+++)
You are immune to unholy pain and torment.
You can survive without breathing.


Message History

a +0 club; a hobgoblin corpse Really walk into a travel-excluded area? [Y]es or [N]o only, please.
Really walk into a travel-excluded area? [Y]es or [N]o only, please.
Really walk into a travel-excluded area?
Okay, then.
Really walk into a travel-excluded area? [Y]es or [N]o only, please.
Really walk into a travel-excluded area? [Y]es or [N]o only, please.
Really walk into a travel-excluded area? [Y]es or [N]o only, please.
Really walk into a travel-excluded area?
Really walk into that cloud of flame?
Uppercase [Y]es or [N]o only, please.
Really walk into that cloud of flame?
You are engulfed in blazing flames.
Ouch! That really hurt!
You die...

####### #.....#
#.....###############
+.....'......!....††.
#....§###############
#.####.○...########
.>....○.°.........##
######.☼.@○######..#
#####.....# ##.##
..........# #..#
#############.###
##.# #<.)....# #.#
#)## #######.# #.#
#..# #.# #.# ##.##
#.# #.# #..#
#.#####.#########
##.##


There were no monsters in sight!

Vanquished Creatures
  3 adders (D:2)
  3 dart slugs
  A leopard gecko (D:1)
  A ball python (D:1)
  2 giant cockroaches
  2 goblins (D:2)
  3 hobgoblins (D:2)
  A kobold (D:2)
  6 bats
  5 frilled lizards
  2 rats (D:1)
29 creatures vanquished.

Notes
Turn   | Place    | Note
-------+----------+-------------------------------------------
     0 | D:1      | ArelonLightweaver the Mummy Monk began the quest for the
                  | Orb.
     0 | D:1      | Reached XP level 1. HP: 18/18 MP: 1/1
   413 | D:1      | Reached XP level 2. HP: 24/24 MP: 2/2
  1055 | D:2      | Reached XP level 3. HP: 14/29 MP: 3/3
  1681 | D:2      | Found a radiant altar of Vehumet.
  2122 | D:2      | Engulfed by a cloud of flame

Illustrated notes

Levels and vault maps discovered:
D:1:      eino_arrival_cavern_c, layout_rooms, hex_medium
D:2:      layout_basic, dancing_weapons_uskayaw, fiery_altar_vehumet,
          serial_glass, glass_columns_a, glass_columns_a

Skill      XL: |  1  2  3 |
---------------+----------+-----
Unarmed Combat | 3 |  3.2
Dodging        | 3 |  3.1
Fighting       | |  3.2
Stealth        | |  1.5

Action                   || total
-------------------------++-------
Melee: Unarmed           ||   116
       Punch             ||     1
Throw: Dart              ||     1
 Stab: Sleeping          ||     2
Armor: Robe              ||    23
Dodge: Dodged            ||    76

Table legend: (Time is in decaauts)
 A = Elapsed time spent in this place.
 B = Non-inter-level travel time spent in this place.
 C = Inter-level travel time spent in this place.
 D = Time resting spent in this place.
 E = Time spent auto-exploring this place.
 F = Levels seen in this place.
 G = Mean time per level.
                   A        B        C        D        E       F      G
               +--------+--------+--------+--------+--------+-----+--------+
         Total |   2116 |   1897 |    219 |    536 |      0 |   2 | 1058.0 |
       Dungeon |   2116 |   1897 |    219 |    536 |      0 |   2 | 1058.0 |
               +--------+--------+--------+--------+--------+-----+--------+

Top non-repeatable levels by time:
     D:2: 1098 daAuts
     D:1: 1018 daAuts
